 Dungeon Crawl Stone Soup version 0.21.1-1-g345015f (webtiles) character file.

74 Mgcat the Chopper (level 4, -17/42 HPs)
             Began as a Hill Orc Monk on Mar 21, 2018.
             Demolished by an ogre
             ... wielding a +0 giant club
              (23 damage)
             ... on level 4 of the Dungeon.
             The game lasted 00:03:47 (1176 turns).

Mgcat the Chopper (Hill Orc Monk)                   Turns: 1176, Time: 00:03:48

Health: -17/42     AC:  6    Str: 13 (14) XL:     4   Next: 28%
Magic:  4/4        EV:  9    Int:  7 (10) God:
Gold:   82         SH:  0    Dex: 12 (13) Spells: 3/3 levels left

rFire    + . .     SeeInvis .   a - +0 hand axe
rCold    + . .     Gourm    .   (no shield)
rNeg     . . .     Faith    .   d - +0 scale mail
rPois    +         Spirit   .   (no helmet)
rElec    +         Reflect  .   (no cloak)
rCorr    +         Harm     .   (no gloves)
MR       .....                  (no boots)
Stlth    +.........             (no amulet)
HPRegen  0.14/turn              f - ring of poison resistance {rPois, !d}
MPRegen  0.09/turn              k - ring of stealth {Stlth+}

@: resistant
A: no striking features
a: no special abilities


You were on level 4 of the Dungeon.
You were not hungry.

You visited 1 branch of the dungeon, and saw 4 of its levels.

You collected 82 gold pieces.

Inventory:

Hand Weapons
 a - a +0 hand axe (weapon)
Missiles
 j - 5 curare-tipped needles
 m - 2 tomahawks (quivered)
Armour
 b - a +0 robe
 d - a +0 scale mail (worn)
   (You found it on level 1 of the Dungeon)
Jewellery
 f - a ring of poison resistance (left hand) {rPois, !d}
   (You found it on level 1 of the Dungeon)
 k - a ring of stealth (right hand) {Stlth+}
   (You took it off a goblin on level 2 of the Dungeon)
 l - an uncursed ring of ice {rC+, rF-}
   (You found it on level 4 of the Dungeon)
Scrolls
 g - a scroll of identify
 i - a scroll of fog {unknown}
Potions
 n - a potion of degeneration {!q}
Comestibles
 c - a ration
 h - 2 chunks of flesh {@w0}


   Skills:
 + Level 5.0 Fighting
 + Level 5.4 Axes
 - Level 2.4 Dodging
 - Level 1.5 Stealth


You had 3 spell levels left.
You didn't know any spells.

Dungeon Overview and Level Annotations

Branches:
Dungeon (4/15)
 Temple: D:4-7

Altars:


Message History

There is an open door here.
You open the door.
There is an open door here.
Found a stone staircase leading down and a stone staircase leading up.
There is an open door here.
You open the door.
There is an open door here.
You see here a short sword.
HP restored.
e - a fuming puce potion
i - a scroll labeled KEEXTIF ZAHY
l - a wooden ring Put on which piece of jewellery? (? for menu, Esc to quit)
You're wearing all the rings you can.
Remove which one? (? for menu, Esc to cancel) < or
f - a ring of poison resistance {rPois, !d} > or
k - a ring of stealth {Stlth+} You remove your ring of stealth {Stlth+}.
You feel more attuned to ice.
l - a ring of ice (right hand) Put on which piece of jewellery? (? for menu, Esc to quit)
You're wearing all the rings you can.
Remove which one? (? for menu, Esc to cancel) < or
f - a ring of poison resistance {rPois, !d} > or
l - a ring of ice {rC+, rF-} You remove your ring of ice {rC+, rF-}.
k - a ring of stealth (right hand) {Stlth+} You open the door.
There is an open door here.
An adder comes into view.
The adder hisses angrily.
You closely miss the adder. The adder bites you but does no damage.
The adder barely misses you.
You slash the adder!
The adder is severely wounded.
The adder barely misses you.
You hit the adder.
The adder is almost dead.
The adder bites you. The adder barely misses you.
You hit the adder.
You kill the adder!
Your Fighting skill increases to level 5!
No target in view!
No target in view!
You butcher the adder corpse.
h - 4 chunks of flesh {@w0} (gained 2)
You open the door.
There is an open door here.
Some of the chunks of flesh in your inventory have rotted away.
n - 2 bubbling white potions An ogre comes into view.
It is wielding a giant club.
Found a stone staircase leading down.
There is a stone staircase leading down here.
The helpless ogre fails to defend itself.
You hit the ogre.
The ogre is lightly wounded.
The ogre closely misses you.
You hit the ogre but do no damage.
The ogre is lightly wounded.
The ogre barely misses you.
You hit the ogre but do no damage.
The ogre is lightly wounded.
The ogre hits you with a giant club!
You hit the ogre.
The ogre is lightly wounded.
The ogre barely misses you.
You hit the ogre.
The ogre is lightly wounded.
You hit the ogre.
The ogre is moderately wounded.
The ogre barely misses you.
You hit the ogre.
The ogre is moderately wounded.
The ogre hits you with a giant club!
Your scale mail prevents you from hitting the ogre.
The ogre is moderately wounded.
The ogre barely misses you.
You hit the ogre.
The ogre is moderately wounded.
The ogre misses you.
You completely miss the ogre.
The ogre is moderately wounded.
You hit the ogre.
The ogre is heavily wounded.
The ogre hits you with a giant club!
* * * LOW HITPOINT WARNING * * *
It was a potion of degeneration.
There was something very wrong with that liquid.
You feel weakened.
You feel dopey.
You feel clumsy. The ogre barely misses you.
You hit the ogre but do no damage.
The ogre is heavily wounded.
The ogre closely misses you.
It was a potion of resistance.
You feel protected.
You hit the ogre.
The ogre is heavily wounded.
The ogre hits you with a giant club!!
Ouch! That really hurt!
You die...

.. .. # #. .# #########
#.###.###.##+###...##..#
..............#.........
..............#.........
..............#.........
......O.......#.........
.......@......#.........
......##>#######..####'#
#####.##.###..##..###..#
#....................
#....................
.......................
####..##########+###+##
#.. ...# #... .....


You could see an ogre.

Vanquished Creatures
  3 adders
  A worm (D:2)
  2 dart slugs
  10 orcs
  4 goblins (D:2)
  2 quokkas
  2 bats
  A frilled lizard (D:2)
  4 kobolds
  A rat (D:2)
30 creatures vanquished.

Notes
Turn   | Place    | Note
-------+----------+-------------------------------------------
     0 | D:1      | Mgcat the Hill Orc Monk began the quest for the Orb.
     0 | D:1      | Reached XP level 1. HP: 19/19 MP: 1/1
    97 | D:2      | Reached skill level 4 in Fighting
    97 | D:2      | Reached XP level 2. HP: 16/27 MP: 2/2
   474 | D:2      | Reached XP level 3. HP: 27/34 MP: 3/3
   509 | D:3      | Reached skill level 5 in Axes
   546 | D:3      | HP: 3/34 [orc/trident of protection (6)]
   911 | D:3      | Reached XP level 4. HP: 25/41 MP: 4/4
  1137 | D:4      | Reached skill level 5 in Fighting
  1158 | D:4      | Noticed an ogre
  1172 | D:4      | HP: 5/42 [ogre/giant club (9)]
  1176 | D:4      | Demolished by an ogre

Skill      XL: |  1  2  3  4 |
---------------+-------------+-----
Fighting       | 4 5 |  5.0
Axes           | 5 |  5.4
Dodging        | |  2.4
Stealth        | |  1.5

Action                   |  1- 3 |  4- 6 || total
-------------------------+-------+-------++-------
Melee: Hand axe          |   147 |    17 ||   164
  Use: Potion            |     1 |     2 ||     3
       Scroll            |       |     4 ||     4
 Stab: Sleeping          |       |     1 ||     1
  Eat: Chunk             |       |     1 ||     1
Armor: Scale mail        |    62 |     1 ||    63
Dodge: Dodged            |    70 |    11 ||    81

Vault maps used:
D:1:      dpeg_arrival_arbitrary_b
D:2:      minmay_tromino_v2
D:3:      kennysheep_slugbush, first_ration
D:4:      chequers_temple_overflow_statue_of_worship

Table legend:
 A = Turns spent in this place as a percentage of turns spent in the entire game.
 B = Non-inter-level travel turns spent in this place as a percentage of non-inter-level travel turns spent in the entire game.
 C = Inter-level travel turns spent in this place as a percentage of turns spent in this place.
 D = Turns resting spent in this place as a percentage of non-inter-level travel turns spent in this place.
 E = Turns spent auto-exploring this place as a percentage of non-inter-level travel turns spent in this place.
 F = Non-inter-level travel turns spent in this place divided by the number of levels of this place that you've seen.
                   A       B       C       D       E      F
               +-------+-------+-------+-------+-------+----------------------
         Total | 100.0 | 100.0 |   0.0 |   0.0 |  68.7 | 294.0
       Dungeon | 100.0 | 100.0 |   0.0 |   0.0 |  68.7 | 294.0
               +-------+-------+-------+-------+-------+----------------------

Table legend:
 A = Kills in this place as a percentage of kills in entire the game.
 B = Kills by you in this place as a percentage of kills by you in the entire game.
 C = Kills by friends in this place as a percentage of kills by friends in the entire game.
 D = Other kills in this place as a percentage of other kills in the entire game.
 E = Experience gained in this place as a percentage of experience gained in the entire game.
 F = Experience gained in this place divided by the number of levels of this place that you have seen.
                   A       B       C       D       E      F
               +-------+-------+-------+-------+-------+----------------------
         Total | 100.0 | 100.0 |   N/A |   N/A | 100.0 |  26.5
       Dungeon | 100.0 | 100.0 |   N/A |   N/A | 100.0 |  26.5
               +-------+-------+-------+-------+-------+----------------------
